 Seeded DCSS version 0.30.1-4-g462c640d31 (webtiles) character file.

Game seed: 6351066067085065685 (custom seed)

256 Esekla the Grave Robber (level 5, 0/28 HPs)
             Began as a Deep Elf Necromancer on Aug 28, 2023.
             Was an Initiate of Vehumet.
             Slain by a gnoll
             ... wielding a +0 whip
             ... led by a gnoll bouda
              (9 damage)
             ... on level 4 of the Dungeon.
             The game lasted 00:13:38 (2908 turns).

Esekla the Grave Robber (Deep Elf Necromancer)      Turns: 2908, Time: 00:13:38

Health: 0/28       AC:  4    Str:  5    XL:     5   Next: 92%
Magic:  9/14       EV: 13    Int: 22    God:    Vehumet [......]
Gold:   195        SH:  0    Dex: 15    Spells: 9/13 levels left

rFire   . . .        a - +1 short sword (freeze)
rCold   . . .        (no shield)
rNeg    . . .        m - +0 robe
rPois   .            j - +0 helmet
rElec   .            (no cloak)
rCorr   .            y - +0 pair of gloves
SInv    .            (no boots)
Will    .....        (no amulet)
Stlth   ++           (no ring)
HPRegen 0.24/turn    (no ring)
MPRegen 0.14/turn

%: no passive effects
@: no status effects
A: no striking features
a: Renounce Religion


You were on level 4 of the Dungeon.
You worshipped Vehumet.
Vehumet was noncommittal.
You visited 1 branch of the dungeon, and saw 4 of its levels.

You collected 195 gold pieces.

Inventory:

Hand Weapons
 a - a +1 short sword of freezing (weapon)
 r - a +0 trident
 s - the +5 rapier of the Hero {heavy, rN+ Dex+3}
   (You found it on level 3 of the Dungeon)

   Dex:       It affects your dexterity (+3).
   rN:        It protects you from negative energy.
Missiles
 t - 8 poisoned darts (quivered)
Armour
 j - a +0 helmet (worn)
 m - a +0 robe (worn)
 y - a +0 pair of gloves (worn)
Wands
 p - a wand of roots (9)
Scrolls
 c - 2 scrolls of enchant weapon {unknown}
 e - a scroll of fear {unknown}
 f - 4 scrolls of identify {unknown}
 n - a scroll of amnesia {unknown}
 o - a scroll of enchant armour {unknown}
 q - a scroll of blinking {unknown}
 v - a scroll of immolation {unknown}
 w - a scroll of fog {unknown}
 x - a scroll of summoning {unknown}
Potions
 b - a potion of magic
 d - a potion of ambrosia {unknown}
 g - 2 potions of attraction {unknown}
 h - a potion of heal wounds {unknown}
 i - a potion of haste {unknown}
 k - a potion of mutation {unknown}
 l - 2 potions of curing {unknown}
 u - 2 potions of brilliance {unknown}


   Skills:
 + Level 1.7 Short Blades
 + Level 0.2 Throwing
 * Level 4.3 Dodging
 + Level 3.5 Stealth
 * Level 4.7 Spellcasting
 * Level 6.0 Necromancy


You had 9 spell levels left.
You knew the following spells:

 Your Spells              Type           Power      Damage    Failure   Level
a - Necrotise             Necr           100%       1d9       1%          1
d - Vampiric Draining     Necr           31%        2d8       2%          3

Your spell library contained the following spells:

 Spells                   Type           Power      Damage    Failure   Level
 Animate Dead             Necr           31%        N/A       9%          4
 Lesser Beckoning         Tloc           10%        N/A       16%         2
 Agony                    Necr           31%        N/A       24%         5
 Gell's Gravitas          Tloc           5%         N/A       30%         3
 Teleport Other           Tloc           5%         N/A       30%         3


Dungeon Overview and Level Annotations

Branches:
Dungeon (4/15)
 Temple: D:4-7

Altars:
Hepliaklqana
Okawaru
Qazlal
Trog
Vehumet
Zin

Shops:
D:2 =   D:4 (


Message History

The gnoll shouts!
You hear a shout!
The gnoll bouda barks out a call to the hunt!
A gnoll comes into view. It is wielding a +0 spear.
The gnoll bouda gazes fiercely through you!
You feel your attacks grow feeble.
You hear a shout!
The gnoll hits you from afar with a +0 spear.
The gnoll hits you from afar with a +0 spear.
A gnoll comes into view. It is wielding a +0 halberd.
The gnoll barely misses you.
Your attacks no longer feel as feeble.
The gnoll throws a throwing net.
The throwing net barely misses you.
A gnoll comes into view. It is wielding a +0 club.
The gnoll attacks as you move away! The gnoll barely misses you.
The gnoll bouda barks out a call to the hunt!
The gnoll picks up the pace!
The gnoll is no longer moving quickly.
The gnoll hits you with a +0 whip. The gnoll barely misses you.
The gnoll misses you.
There is an open door here.
The gnoll attacks as you move away! The gnoll misses you.
The gnoll bouda barks out a call to the hunt!
The gnoll picks up the pace!
The gnoll attacks as you move away! The gnoll hits you with a +0 whip.
There is a radiant altar of Vehumet here.
You kneel at the altar of Vehumet.
Vehumet welcomes you!
The gnoll hits you from afar with a +0 spear.
The gnoll hits you with a +0 whip.
* * * LOW HITPOINT WARNING * * *
Casting: Vampiric Draining (dangerous; 2% risk of failure)
Confirm with . or Enter, or press ? or * to list all spells.
Aiming: Vampiric Draining (dangerous; 2% risk of failure)
Press: ? - help, Shift-Dir - straight line, f - gnoll
Aim: a gnoll, wielding a +0 whip (covering ground quickly)
You draw life force from the gnoll.
You feel life coursing into your body.
The gnoll is no longer moving quickly. x2; The gnoll barely misses you.
The gnoll hits you with a +0 whip!
You die...

...............### #.....
...........g....####.....
...##.................
........gg(......#'###
...................... ###
.#####g.............# #o...
#.#gg...##.......# ......
#g.##...##.......# ......
#@..#....#.......# ......
#########....+.......# .....
#.._#_..#....#........
...####+#####..#..##.............
..........'.'#.#.#'..#......#....
........###..#####...#...........
........###..........#...........
......#.##................#......
..#####.##..........##....#.#+###


You could see a gnoll bouda and 5 gnolls.

Vanquished Creatures
  A black bear (D:2)
  A hound (D:3)
  An iguana (D:2)
  A gnoll (D:2)
  4 adders
  A worm (D:4)
  2 dart slugs
  6 orcs
  6 ball pythons
  4 bats
  4 endoplasms
  8 goblins
  5 hobgoblins
  A quokka (D:1)
  4 frilled lizards
  5 kobolds
  A rat (D:2)
55 creatures vanquished.

Notes
Turn   | Place    | Note
-------+----------+-------------------------------------------
     0 | D:1      | Esekla the Deep Elf Necromancer began the quest for the
                  | Orb.
     0 | D:1      | Reached XP level 1. HP: 10/10 MP: 6/6
   153 | D:1      | Reached skill level 5 in Necromancy
   330 | D:2      | Found Renulab's Jewellery Shop.
   478 | D:4      | Found a radiant altar of Vehumet.
   489 | D:4      | Found an iron altar of Okawaru.
   500 | D:4      | Found a glowing silver altar of Zin.
   673 | D:4      | Found Ponaysk's Antique Weapon Boutique.
   766 | D:3      | Reached XP level 2. HP: 15/15 MP: 8/8
  1205 | D:2      | Reached XP level 3. HP: 11/19 MP: 9/9
  1209 | D:2      | Learned a level 3 spell: Vampiric Draining
  1456 | D:1      | Reached skill level 1 in Short Blades
  1645 | D:2      | Found a faded altar of an unknown god.
  1675 | D:2      | Reached XP level 4. HP: 14/24 MP: 6/11
  1736 | D:2      | Noticed a black bear
  1750 | D:2      | Killed a black bear
  1751 | D:2      | Reached XP level 5. HP: 28/28 MP: 5/13
  2260 | D:3      | Identified the +5 rapier of the Hero {heavy, rN+ Dex+3}
  2460 | D:3      | Found a stormy altar of Qazlal.
  2463 | D:3      | Found a hazy altar of Hepliaklqana.
  2463 | D:3      | Found a bloodstained altar of Trog.
  2479 | D:3      | Reached skill level 6 in Necromancy
  2907 | D:4      | Became a worshipper of Vehumet
  2908 | D:4      | Slain by a gnoll

Illustrated notes

Levels and vault maps discovered:
D:1:      sevenhm_arrival_forest_fort_small_3, layout_rooms,
          chequers_serial_rivers_room_b, minmay_misc_feat_five
D:2:      layout_loops_ring, dreamdust_ecumenical_altar_angels_and_demons,
          serial_shops, shop
D:3:      layout_basic, grunt_temple_overflow_open, minmay_misc_feat_iff
D:4:      layout_basic, nicolae_overflow_quartered_altars, serial_shops,
          nicolae_diamond_shop

Skill      XL: |  1  2  3  4  5 |
---------------+----------------+-----
Necromancy     | 5 6 |  6.0
Dodging        | 3 4 |  4.3
Short Blades   | 1 |  1.7
Stealth        | 3 |  3.5
Spellcasting   | 4 |  4.7
Throwing       | |  0.2

Action                     |  1- 3 |  4- 6 || total
---------------------------+-------+-------++-------
  Melee: Short sword       |   103 |    69 ||   172
         Unarmed           |     9 |       ||     9
         Punch             |     1 |       ||     1
  Throw: Dart              |     3 |     1 ||     4
   Cast: Vampiric Draining |     5 |    11 ||    16
   Stab: Sleeping          |     4 |     1 ||     5
 Armour: Robe              |    24 |     9 ||    33
  Dodge: Dodged            |    73 |    54 ||   127
